AoeStats
← AiM | Alexander the conqueror

Arabia

510373794Analyzed
1v1 RM · 2d ago on Sep 30, 2026· 46m 45s· 2 players
Game mode
Random Map
Map size
Tiny (2 player)
Population
200
Speed
Normal
Resources
Standard
Victory
Conquest
Starting age
Dark Age
Ending age
Imperial Age
RankedLock teamsTeams togetherTeam positionsShared explorationLock speedFull tech treeHidden civsTurbo modeCheats
Victory
Defeat
🇪🇨 Tatars · Ecuador
1892
+14
1858
-14
AiM | Alexander the conqueror
5:50 Loom
8:29 Feudal Age
9:06 Double-Bit Axe
11:52 Horse Collar
16:54 Wheelbarrow
20:33 Castle Age
18:56 Fletching
20:13 Scale Mail Armor
20:36 Elite Skirmisher
21:28 Bow Saw
21:29 Bodkin Arrow
22:55 Ballistics
23:27 Squires
23:42 Town Watch
24:38 Heavy Plow
25:16 Padded Archer Armor
26:14 Forging
31:06 Husbandry
32:02 Bloodlines
32:12 Scale Barding Armor
38:20 Imperial Age
37:02 Leather Archer Armor
40:08 Chemistry
39:15 Bracer
39:25 Imperial Skirmisher
42:07 Elite Fire Lancer
42:41 Stone Mining
44:36 Chain Mail Armor
44:56 Iron Casting
buscandobeiby11
6:24 Loom
8:45 Feudal Age
9:26 Double-Bit Axe
10:36 Horse Collar
18:06 Forging
20:34 Castle Age
19:15 Bloodlines
18:57 Gold Mining
19:37 Fletching
21:24 Wheelbarrow
21:15 Bodkin Arrow
21:47 Bow Saw
24:14 Padded Archer Armor
31:30 Hand Cart
31:51 Ballistics
32:09 Town Watch
37:09 Imperial Age
35:25 Stone Mining
36:11 Gold Shaft Mining
35:38 Heavy Plow
36:50 Leather Archer Armor
38:25 Ring Archer Armor
37:56 Bracer
37:40 Heavy Cavalry Archer
39:30 Masonry
40:21 Chemistry
39:34 Masonry
39:31 Husbandry
40:02 Scale Barding Armor
39:47 Light Cavalry
41:06 Conscription
41:25 Chain Barding Armor
41:01 Hussar
42:46 Plate Barding Armor
43:11 Ring Archer Armor
42:24 Treadmill Crane
44:12 Silk Armor
45:51 Iron Casting
Connection lost

Rejoining the realm…

Still unreachable

The connection could not be restored.

Session expired

The server has moved on; the page needs a fresh start.